Cogmind - Beta 17.1 @@@ ROGUE MODE // 2026.09.06 @ 22:36:23 Player: LandRaider Result: Destroyed by S-10 Pest with Light Assault Rifle Performance ------------- Evolutions (0) 0 Regions Visited (2) 400 Robots Destroyed (15) 75 Value Destroyed (317) 317 Prototype IDs (2) 40 Alien Tech Used (0) 0 Bonus (0) 0 TOTAL SCORE: 832 Bonus ------- None Cogmind --------- Core Integrity 0/250 Matter 296/300 Energy 160/160 System Corruption 0% Temperature Cool (28) Movement Rolling (105) Ox1 Location -10/Mines Parts ------- > --- POWER (1) -------- Light Nuclear Core > --- PROPULSION (2) --- Armored Wheel Armored Wheel > --- UTILITY (2) ------ Heat Sink Large Storage Unit > --- WEAPON (2) ------- Particle Gun Light Assault Rifle > --- INVENTORY (15) --- Improved Aluminum Leg Improved Aluminum Leg Improved Aluminum Leg Improved Aluminum Leg Armored Wheel Armored Wheel Medium Storage Unit High-capacity Matter Pod (61) Improved Terrain Scanner Seismic Detector EM Pulse Gun Improved Light Cannon Improved Light Cannon Improved Light Cannon Improved Light Cannon Peak State ------------ > --- POWER ------------ Light Nuclear Core > --- PROPULSION ------- Armored Wheel Armored Wheel > --- UTILITY ---------- Heat Sink Large Storage Unit > --- WEAPON ----------- Particle Gun Light Assault Rifle > --- INVENTORY -------- Improved Aluminum Leg Improved Aluminum Leg Improved Aluminum Leg Improved Aluminum Leg Armored Wheel Armored Wheel Medium Storage Unit High-capacity Matter Pod Improved Terrain Scanner Seismic Detector EM Pulse Gun Improved Light Cannon [Rating: 14] Favorites ----------- Power Ion Engine Engine Ion Engine Power Core Light Nuclear Core Propulsion Armored Wheel Treads Light Treads Wheel Armored Wheel Utility Heat Sink Device Heat Sink Storage Large Storage Unit Weapon Light Assault Rifle Energy Gun Particle Gun Ballistic Gun Light Assault Rifle Build | -11 -10 -10 ------- Run | Yrd Mat Min Slots Evolved . | . . . Power . | . . . Propulsion . | . . . Utility . | . . . Weapon . | . . . Parts Attached 17 | 8 9 . Power 3 | 1 2 . Engine 2 | 1 1 . Core 1 | . 1 . Reactor . | . . . Propulsion 6 | 2 4 . Treads 2 | 2 . . Leg . | . . . Wheel 4 | . 4 . Hover . | . . . Flight . | . . . Utility 5 | 3 2 . Device 3 | 2 1 . Storage 2 | 1 1 . Processor . | . . . Hackware . | . . . Protection . | . . . Artifact . | . . . Weapon 3 | 2 1 . Energy Gun 2 | 1 1 . Energy Cannon . | . . . Ballistic Gun 1 | 1 . . Ballistic Cannon . | . . . Launcher . | . . . Special Weapon . | . . . Impact Weapon . | . . . Slashing Weapon . | . . . Piercing Weapon . | . . . Special Melee Weapon . | . . . Unidentified Prototypes . | . . . Parts Lost 3 | . 3 . Power 1 | . 1 . Propulsion . | . . . Utility 1 | . 1 . Weapon 1 | . 1 . Highest Loss Streak 3 | . 3 . To Critical Strikes . | . . . Average Backups 8 | 2 9 15 Power . | . . . Propulsion 3 | 1 4 6 Utility 1 | . 2 4 Weapon 2 | . 2 5 Tool/Special . | . . . Unused Backups 15 | . 2 13 Power . | . . . Propulsion 6 | . 2 4 Utility 4 | . . 4 Weapon 5 | . . 5 Tool/Special . | . . . Average Slot Usage (%) 93 | . 93 100 Engine 5 | . 5 . Core 3 | . 3 14 Treads 1 | . 1 . Wheel 26 | . 26 28 Device 13 | . 13 14 Storage 14 | . 14 14 Energy Gun 13 | . 13 14 Ballistic Gun 14 | . 14 14 Peak Build Rating 14 | 7 14 14 Average Rating 10 | 5 10 14 On Entrance 7 | . 7 14 Avg Prop Armor Cover (%) . | . . . Naked Turns . | . . . Heaviest Build 30 | 13 30 . Greatest Support 40 | 40 40 . Greatest Overweight (x) 4 | 1 4 . Average Overweight (x) . | . . . Largest Inventory Capacity 15 | 8 15 15 Average Capacity 11 | 7 11 15 Most Carried 15 | 5 15 15 Average Carried 8 | 2 9 15 Final Capacity 15 | 8 15 15 Final Carried 15 | 5 15 15 Class Distribution -------------------- 100% | Mutant Dominant Class ---------------- Mutant | -10/Materials Mutant | -10/Mines Resources | -11 -10 -10 ----------- Run | Yrd Mat Min Matter Collected 475 | 269 206 . Remotely 137 | 137 . . Salvage Created 505 | 99 394 12 Parts 34 | 9 22 3 Haulers Intercepted 2 | . 2 . Recyclers Shooed . | . . . Parts Field Recycled . | . . . Retrieved Matter . | . . . Parts Self-Destructed . | . . . Prevented . | . . . Parts Restored . | . . . Kills | -11 -10 -10 ------- Run | Yrd Mat Min Combat Hostiles Destroyed 10 | . 9 1 Guns 10 | . 9 1 Classes Destroyed 5 | 2 3 . Tunneler 2 | 2 . . Hauler 2 | . 2 . Recycler 1 | 1 . . Swarmer 4 | . 3 1 Grunt 6 | . 6 . Best Kill Streak 5 | 3 5 1 Combat Bots Only 5 | . 5 1 Max Kills in Single Turn 1 | 1 1 1 Gunslinging . | . . . Exploded . | . . . Melee . | . . . Uniques/NPCs Destroyed . | . . . Combat | -11 -10 -10 -------- Run | Yrd Mat Min Hostile Shots Fired 79 | . 65 14 Missed 18 | . 16 2 Hits 61 | . 49 12 Projectile 61 | . 49 12 Critical Strikes 1 | . 1 . Damage Taken 750 | . 656 94 Core 252 | . 223 29 Absorbed by Shields . | . . . Core Remaining (%) 100 | 100 . . Volleys Fired 63 | 5 54 4 Largest 2 | 2 2 2 Hottest 85 | 60 85 85 Shots Fired 113 | 10 95 8 Gun 113 | 10 95 8 Cannon . | . . . Launcher . | . . . Special . | . . . Kinetic 63 | 5 54 4 Thermal 50 | 5 41 4 Explosive . | . . . Electromagnetic . | . . . Robot Hit Streak 11 | 5 11 3 Robot Miss Streak 5 | 1 5 2 Penetration Max . | . . . Secondary Targets 2 | . 1 1 Max Gunslinging Chain 1 | . 1 1 Shots Hit Robots 73 | 7 61 5 Core Hits 30 | 4 24 2 Critical Kills 1 | . 1 . Critical Parts Destroyed . | . . . Critical Strikes 1 | . 1 . Destroy 1 | . 1 . Melee Attacks . | . . . Impact . | . . . Slashing . | . . . Piercing . | . . . Sneak Attacks . | . . . Combat Hostiles . | . . . Follow-up Attacks . | . . . Damage Inflicted 761 | 71 636 54 Guns 761 | 71 636 54 Cannons . | . . . Explosions . | . . . Melee . | . . . Ramming . | . . . Kinetic 327 | 16 286 25 Thermal 434 | 55 350 29 Explosive . | . . . Electromagnetic . | . . . Impact . | . . . Slashing . | . . . Piercing . | . . . Highest Corruption . | . . . Average Corruption . | . . . Corruption Purged . | . . . Corruption Blocked . | . . . Overload Shots . | . . . Overflow Damage . | . . . Projectiles . | . . . Explosions . | . . . Melee . | . . . Knockbacks . | . . . Impact . | . . . Kinetic . | . . . Secondary . | . . . Self-Inflicted Damage . | . . . Shots . | . . . Rammed . | . . . Targets Rammed . | . . . Kicked . | . . . Crushed . | . . . Highest Temperature 138 | 20 138 28 Average Temperature 50 | 15 55 21 Received Heat Transfer 360 | . 360 . Siege Activations . | . . . Martial Activations . | . . . Shielding Activations . | . . . Robots Disrupted . | . . . Combat Hostiles . | . . . Robots Corrupted . | . . . Combat Hostiles . | . . . Parts Fried . | . . . Impact Corruptions . | . . . Robots Melted . | . . . Combat Hostiles . | . . . Parts Melted . | . . . Heat Transferred 1007 | 125 808 74 Parts Sabotaged . | . . . Parts Stolen . | . . . Parts Stripped . | . . . Power Chain Reactions . | . . . Alert | -11 -10 -10 ------- Run | Yrd Mat Min Maximum Alert Level . | . . . Low Security (%) 100 | 100 100 100 Level 1 . | . . . Level 2 . | . . . Level 3 . | . . . Level 4 . | . . . Level 5 . | . . . High Security . | . . . Max Security . | . . . Peak Influence 100 | 10 100 40 Initial 20 | . . 20 Average 26 | 2 29 40 Influence Increases 353 | 15 318 20 Destroy 0b10 Robot/C 200 | . 180 20 Destroy 0b10 Robot/NC 25 | 15 10 . Destroy Leader 44 | . 44 . Successful Hack 9 | . 9 . Select Force Hacks 60 | . 60 . Disable Machine 15 | . 15 . Influence Decreases 313 | 15 265 33 Entered New Map 33 | . . 33 Time Decay 250 | 15 235 . Lost Part 30 | . 30 . Squads Dispatched 2 | . 2 . Investigation 2 | . 2 . Extermination . | . . . Reinforcement . | . . . Assault . | . . . Garrison . | . . . Intercept . | . . . Searches Triggered . | . . . Construction Impeded . | . . . Haulers Reinforced . | . . . Active Scanning Responses . | . . . Cargo Convoy Interrupts . | . . . Stealth | -11 -10 -10 --------- Run | Yrd Mat Min Distress Signals 2 | . 2 . Communications Jammed . | . . . Distress Signals . | . . . Times Spotted 24 | . 22 2 Peak Tracking Total 7 | . 7 2 Tactical Retreats . | . . . Traps | -11 -10 -10 ------- Run | Yrd Mat Min Traps Triggered . | . . . Indirectly . | . . . Trap Hack Attempts . | . . . Triggered . | . . . Disarmed . | . . . Reprogrammed . | . . . Reused . | . . . Traps Extracted . | . . . Installed . | . . . Triggered . | . . . Machines | -11 -10 -10 ---------- Run | Yrd Mat Min Machines Disabled 1 | . 1 . Max in Single Turn 1 | . 1 . Machines Repaired . | . . . Machines Dismantled . | . . . Machines Sabotaged . | . . . Overloaded Fab Kills . | . . . Hacking | -11 -10 -10 --------- Run | Yrd Mat Min Machines Accessed 8 | . 8 . Terminals 6 | . 6 . Fabricators . | . . . Repair Stations . | . . . Recycling Units 2 | . 2 . Scanalyzers . | . . . Garrison Access . | . . . Total Hacks 21 | . 21 . Successful 12 | . 12 . Failed 9 | . 9 . Catastrophic 1 | . 1 . Database Lockouts . | . . . Manual 6 | . 6 . Terminals 16 | . 16 . Fabricators . | . . . Repair Stations . | . . . Recycling Units 5 | . 5 . Scanalyzers . | . . . Garrison Access . | . . . Terminal Hacks 5 | . 5 . Record 4 | . 4 . Prototype ID Bank 1 | . 1 . Fabricator Hacks . | . . . Repair Station Hacks . | . . . Recycling Unit Hacks 2 | . 2 . Retrieve Components 2 | . 2 . Scanalyzer . | . . . Garrison Access Hacks . | . . . Unauthorized Hacks 5 | . 5 . Terminals 3 | . 3 . Botnet 3 | . 3 . Fabricators . | . . . Repair Stations . | . . . Recycling Units 2 | . 2 . Tunnel 2 | . 2 . Scanalyzers . | . . . Garrison Access . | . . . Data Cores Recovered . | . . . Used . | . . . Hacking Detections 7 | . 7 . Full Trace Events . | . . . Feedback Events . | . . . Feedback Blocked . | . . . Robot Schematics Acquired . | . . . Robots Built . | . . . Authchips . | . . . Time . | . . . Total Robot Build Rating . | . . . Part Schematics Acquired . | . . . Parts Built . | . . . Authchips . | . . . Time . | . . . Total Part Build Rating . | . . . Part Studies Acquired . | . . . Parts Repaired . | . . . Time . | . . . Parts Recycled . | . . . Recycled Matter . | . . . Retrieved Matter . | . . . Retrieved Components 12 | . 12 . Parts Scanalyzed . | . . . Part Schematics Acquired . | . . . Parts Damaged . | . . . Bothacking | -11 -10 -10 ------------ Run | Yrd Mat Min Used RIF Installer . | . . . Robots Hacked . | . . . Non-combat . | . . . Combat . | . . . Robot Hacks Applied . | . . . Relay Couplers Released . | . . . Fabnet Peak Effective % . | . . . Robots Rewired . | . . . Allies Hacked . | . . . Hacks Repelled . | . . . Allies | -11 -10 -10 -------- Run | Yrd Mat Min Total Allies . | . . . Largest Group . | . . . Highest-Rated Group . | . . . Highest-Rated Ally . | . . . Total Orders . | . . . Ally Attacks . | . . . Total Damage . | . . . Kills . | . . . Allies Corrupted . | . . . Allies Melted . | . . . Intel | -11 -10 -10 ------- Run | Yrd Mat Min Active Infowar (turns) 239 | 6 233 . Seismic 239 | 6 233 . Robot Analysis Total . | . . . Derelict Logs Recovered . | . . . Drone Launches . | . . . Drone Recoveries . | . . . Exploration | -11 -10 -10 ------------- Run | Yrd Mat Min Turns Passed 770 | 84 675 11 Spaces Moved 530 | 36 494 . Core 8 | 5 3 . Treads 40 | 31 9 . Legs . | . . . Wheels 482 | . 482 . Hover . | . . . Flight . | . . . Fastest Speed 50 | 50 90 . Average Speed 104 | 150 101 . Slowest Speed 250 | 160 250 . Overloaded Moves . | . . . Propulsion Burnouts . | . . . Robots Hopped . | . . . Potential Cave-ins . | . . . Cave-ins Triggered . | . . . Exploration Rate (%) 28 | 4 78 2 Regions Visited 2 Branch Regions 1 Pre-discovered Areas 2 | . 2 . Known Exits Taken . | . . . Unknown Exits Taken 2 | 1 1 . Scrap Searched . | . . . Spaces Dug . | . . . Terrain Destroyed . | . . . Melee . | . . . Projectile . | . . . AOE . | . . . Terrain Rammed . | . . . Walls Destroyed . | . . . Machines Disabled . | . . . Actions | -11 -10 -10 --------- Run | Yrd Mat Min Total 643 | 54 585 4 Wait 12 | . 12 . Move 528 | 35 493 . Hop . | . . . Pick Up 16 | 5 11 . Fast Attach 12 | 8 4 . Attach 1 | . 1 . Detach . | . . . Swap 4 | . 4 . Drop 7 | 1 6 . Fire 63 | 5 54 4 Melee . | . . . Ram . | . . . Kick . | . . . Crush . | . . . Escape Stasis . | . . . Rewire . | . . . Trap . | . . . Miscellaneous . | . . . Route ------- -11/Scrapyard -10/Materials (discovered 3 exits: [*Mat] / [*Min x2]) -10/Mines History --------- Turn | Location | Event 12 | -11/Scrapyard | Discovered new exit (range 16) 85 | -11/Scrapyard | Entered Materials 211 | -10/Materials | Discovered new exit (range 7) 271 | -10/Materials | Discovered new exit (range 16) 286 | -10/Materials | Core integrity fell below 50% 309 | -10/Materials | Build established: Mutant 349 | -10/Materials | Lost 3 parts (1p1u1w) 590 | -10/Materials | Core integrity fell below 20% 617 | -10/Materials | Discovered new exit (range 5) 760 | -10/Materials | Entered Mines 771 | -10/Mines | Destroyed by S-10 Pest with Light Assault Rifle Last Messages --------------- >>Force(Tunnel) DISCOVERED[-5/Archives] 00730_ ALERT: Suspicious activity at Recycling Unit M001. Dispatching Investigation squad. 00747_ Connecting with Recycling Unit... >>Retrieve(Components) Retrieving 3 components... Datajack Core Shielding Lgt. Armor Plating >>Force(Tunnel) DISCOVERED[-7/Factory] 00747_ ALERT: Suspicious activity at Recycling Unit M002. Dispatching Investigation squad. LOCATION=UNKNOWN GOAL=ESCAPE Something is scanning the area. 00760_ S-10 Pest destroyed. 00760_ Switching to secondary target: S-10 Pest. 00769_ Destroyed Flight Unit. Map ----- +----------------------------------------------------+ | | | | | ??????????????????????????????????? | | ??????????????????????????????????? | | ??????????????????????????????????? | | ??????????????????????????????????? | | ??????????????????????????????????? | | ??????????????????????????????????? | | ??????????????????????????????????? | | ??????????????????????????????????? | | ??????????????????????????????????? | | ??????????????????????????????????? | | ??????????????????????????????????? | | ??????????????????????????????????? | | ??????????????????????????????????? | | ??????????????????????????????????? | | ??????????????????????????????????? | | ??????????????????????????????????? | | ??????????????????????????????????? | | ??????????????????????????????????? | | ??????????????????????????????????? | | ?????????####?????????????????????? | | ????????## ##????????????????????? | | ????????# #????????????????????? | | ???????## #????????????????????? | | ???????# @ #?????????????????????? | | ???????#s[%s ??????????????????? | | ???????# "??????????????? | | ???????## ###### """????????????? | | ????????####??????? ????????????? | | ??????????????????????#???????????? | | ??????????????????????????????????? | | ??????????????????????????????????? | | ??????????????????????????????????? | | ??????????????????????????????????? | | ??????????????????????????????????? | | ??????????????????????????????????? | | ??????????????????????????????????? | | ??????????????????????????????????? | | ??????????????????????????????????? | | ??????????????????????????????????? | | ??????????????????????????????????? | | ??????????????????????????????????? | | ??????????????????????????????????? | | ??????????????????????????????????? | | ??????????????????????????????????? | | ??????????????????????????????????? | | ??????????????????????????????????? | | ??????????????????????????????????? | | ??????????????????????????????????? | +----------------------------------------------------+ Best States ------------- Heat Dissipation 35 Energy Generation 14 Energy Capacity 250 Matter Stores 300 Matter Capacity 300 Sight Range 16 Terrain Scan Density 10 Evasion (%) 42 Recoil Reduction 2 Item Schematics ----------------- None Robot Schematics ------------------ None Fabricated ------------ Nothing Repaired ---------- Nothing Studied --------- None Alien Tech Used ----------------- None Achievements -------------- None Challenges ------------ None Game ------ Seed ReactionGrapheneMatterbank Manual? 0 Play Time 00:07:42 Cumulative 147.5 hours Start 2026.09.06 @ 22:28:30 End 2026.09.06 @ 22:36:23 Sessions 1 Manual Loads 0 Difficulty Rogue Special Mode None Game No. 128 Rogue 126 Adventurer 2 Explorer 0 Win Type - Total 0 Types 0/0/0/0/0/0/0/0/0/0 Lore% 60 Gallery% 51 Achievement% 42 Wizard Run 0 Options --------- Layout 0 ASCII 0 Keyboard 0 Movement Mouse Keybinds 0 Fullscreen 2 Font 24/Smallcaps Map View 76x50 Zoom Use 0% Tactical HUD 1 Map Filters NONE Filters NONE Steam 1 RUN: 46612032-3acf-4f9f-8e94-85f9b5ab67c7